cohdb
Replays
Latest Replays
All Replays
Popular Replays
Top Player Replays
Match Explorer
How It Works
Community
CoH3 Stats
Reddit
Sign in to upload your games and track your stats! →
Sign in with Steam
Match 40533114
Unlisted
Match 40533114
Overview
Messages
Build Orders
End
Construct Barracks
Construct Weapon Support Center
Engineer Squad
Scout Squad
Selects Advanced Infantry Battlegroup
M1919 Machine Gun Team
Bazooka Squad
M1919 Machine Gun Team
Construct Medical Station
Infantry Support Center
Selects Artillery Observers
.30 cal Machine Gun
Construct Barracks
Selects Convert to Ranger Squad
M3 Armored Personnel Carrier
Ranger Squad
Survival Training
Selects M2A1 105mm Howitzer Emplacement
Construct Motor Pool
Selects Free Fire Drills
Selects Designate Assault Position
M1 Anti-tank Gun Team
Advanced Logistics
Selects Infantry Assault
Construct Tank Depot
Infantry Assault
M18 Hellcat Tank Destroyer
Improved M9 Bazooka Rockets
Lord Raven
中國狗比人多
Saueee
Cool Whhip
0
0
Comments
sign in to comment!
No comments posted yet!